 Dungeon Crawl Stone Soup version 0.29-a0-620-g13ace881f2 (webtiles) character file.

Game seed: 4430533763314654137

108 IdlyInterested the Cudgeller (level 4, 0/35 HPs)
             Began as a Demonspawn Fighter on June 18, 2022.
             Succumbed to logorrheac's ghost's sting
             ... on level 3 of the Dungeon.
             The game lasted 00:04:29 (2486 turns).

IdlyInterested the Cudgeller (Demonspawn Fighter)   Turns: 2486, Time: 00:04:29

Health: 0/35       AC:  9    Str: 16    XL:     4   Next: 58%
Magic:  4/4        EV:  6    Int:  9    God:
Gold:   206        SH:  0    Dex: 15    Spells: 3/3 levels left

rFire   . . .      SeeInvis .   l - +0 flail (vorpal)
rCold   . . .      Faith    .   (no shield)
rNeg    . . .      Spirit   .   k - +0 chain mail
rPois   .          Reflect  .   (no helmet)
rElec   .          Harm     .   (no cloak)
rCorr   .          Rampage  .   (no gloves)
Will    .....                   (no boots)
Stlth   ..........              (no amulet)
HPRegen 0.11/turn               (no ring)
MPRegen 0.09/turn               (no ring)

@: mighty, lethally poisoned (0 -> -10), invisible
A: demonic guardian 1, foul stench 1, demonic touch 1
a: no special abilities


You were on level 3 of the Dungeon.
You visited 1 branch of the dungeon, and saw 3 of its levels.

You collected 206 gold pieces.

Inventory:

Hand Weapons
 l - a +0 vorpal flail (weapon)
 o - a +0 morningstar
Missiles
 e - 69 stones (quivered)
Armour
 b - a +0 scale mail
 c - a +0 buckler
 k - a +0 chain mail (worn)
Wands
 f - a wand of flame (11)
Scrolls
 a - a scroll of vulnerability {unknown}
 g - a scroll of blinking
 h - 3 scrolls of identify
 p - 2 scrolls of enchant weapon
 q - a scroll of immolation {unknown}
Potions
 d - a potion of might
 i - a potion of curing {unknown}
 j - a potion of brilliance
 n - 2 potions of attraction


   Skills:
 - Level 3.0 Fighting
 * Level 3.2 Maces & Flails
 - Level 3.0 Armour
 - Level 1.0 Stealth
 - Level 2.6 Shields
 * Level 2.1 Unarmed Combat


You had 3 spell levels left.
You didn't know any spells.
Your spell library contained the following spells:

 Spells                   Type           Power      Damage    Failure   Level
 Frozen Ramparts          Ice            0%         1d2       100%        3
 Hailstorm                Conj/Ice       0%         3d3       100%        4
 Ice Form                 Ice/Tmut       0%         N/A       100%        4
 Summon Ice Beast         Ice/Summ       0%         N/A       100%        4
 Simulacrum               Ice/Necr       0%         N/A       100%        6


Dungeon Overview and Level Annotations

Branches:
Dungeon (3/15)

Altars:
Makhleb
Ru

Annotations:
D:3 logorrheac's ghost, amateur OpVM


Innate Abilities, Weirdness & Mutations

A weak demonic guardian rushes to your aid.
You may rarely emit foul miasma when damaged in melee.
Your touch may inflict minor irresistible damage on your foes.


Message History

Your shadow imp closely misses logorrheac's ghost.
You barely miss logorrheac's ghost.
Logorrheac's ghost is lightly damaged.
You feel sick. Logorrheac's ghost barely misses you.
Your shadow imp misses logorrheac's ghost.
Logorrheac's ghost hits you.
You are electrocuted!
* * * LOW HITPOINT WARNING * * *
You feel much better.
You feel sick.
Your shadow imp barely misses logorrheac's ghost.
Logorrheac's ghost stares at you and mumbles some strange words.
The sting hits you.
You are more poisoned.
You feel very mighty all of a sudden.
You feel sick.
Your shadow imp barely misses logorrheac's ghost.
Logorrheac's ghost hits you!
You are electrocuted!
* * * LOW HITPOINT WARNING * * *
You closely miss logorrheac's ghost.
You touch logorrheac's ghost!
Your punch misses logorrheac's ghost.
Logorrheac's ghost is heavily damaged.
You feel sick.
Your shadow imp closely misses logorrheac's ghost.
Logorrheac's ghost stares at you and mumbles some strange words.
The sting hits you.
You are more poisoned.
* * * LOW HITPOINT WARNING * * *
A demonic guardian appears!
You thump logorrheac's ghost!
Logorrheac's ghost is almost destroyed.
* * * LOW HITPOINT WARNING * * *
You feel very sick.
Your shadow imp closely misses logorrheac's ghost.
Logorrheac's ghost stares at you and mumbles some strange words.
The sting hits you but does no damage.
You are more poisoned.
Your white imp barely misses logorrheac's ghost.
Your shadow imp hits logorrheac's ghost.
It was a potion of invisibility.
You fade into invisibility!
You die...

#.### #########.#### #...#
##.....###.# ###.#
#.......##.#### #.#
#.......##..... ##.##
#.......#...### #...#
#........#..... #.#.#
#.##.##.#.#.##.
###...###.##.##.##..##.
#.....@5#..............
#.##.##W#.......###.##.
########
#.#)....5.......###.##.
.......#
#.#....................
.#####.#
#.#..###'''###..###.### .#
#.####.#.)#.......#..###.#
# .#
#....#....#.......#......#
# .#
#.##.###..#.......#...####
# .#####.##.#
#..#.......#...# #


You could see logorrheac's ghost (can't see you, ally target), a friendly white
imp (summoned) and a friendly shadow imp (summoned).

Vanquished Creatures
  Terence (D:3)
  2 adders (D:3)
  2 dart slugs
  6 ball pythons
  8 endoplasms
  5 giant cockroaches (D:1)
  5 goblins
  5 hobgoblins
  A jackal (D:3)
  2 kobolds
  A quokka (D:3)
  7 bats
  3 frilled lizards (D:3)
  8 rats
56 creatures vanquished.

Notes
Turn   | Place    | Note
-------+----------+-------------------------------------------
     0 | D:1      | IdlyInterested the Demonspawn Fighter began the quest for
                  | the Orb.
     0 | D:1      | Reached XP level 1. HP: 18/18 MP: 1/1
   350 | D:1      | Gained mutation: Your touch may inflict minor irresistible
                  | damage on your foes. [demonic ancestry]
   350 | D:1      | Reached XP level 2. HP: 21/24 MP: 2/2
   478 | D:1      | You fall into a shaft and drop 1 floor!
   771 | D:1      | Found a faded altar of an unknown god.
   779 | D:1      | Reached skill level 1 in Stealth
   780 | D:1      | Gained mutation: You may rarely emit foul miasma when
                  | damaged in melee. [demonic ancestry]
   780 | D:1      | Reached XP level 3. HP: 29/29 MP: 3/3
   870 | D:1      | Reached skill level 1 in Unarmed Combat
  1044 | D:2      | Found a sacrificial altar of Ru.
  1729 | D:3      | Noticed Terence
  1733 | D:3      | Killed Terence
  1734 | D:3      | Gained mutation: A weak demonic guardian rushes to your
                  | aid. [demonic ancestry]
  1734 | D:3      | Reached XP level 4. HP: 32/35 MP: 4/4
  1878 | D:3      | Found a runed translucent gate.
  1878 | D:3      | Found a runed translucent gate.
  1878 | D:3      | Found a runed translucent gate.
  1893 | D:3      | Noticed logorrheac's ghost (amateur OpVM)
  2278 | D:3      | Found a burning altar of Makhleb.
  2486 | D:3      | Succumbed to logorrheac's ghost's sting

Illustrated notes

Levels and vault maps discovered:
D:1:      dpeg_arrival_concentric_ovals, layout_loops_ring,
          chequers_ecumenical_altar_simple_redux, minmay_worlds_worst_comb
D:2:      layout_basic, basic_altar
D:3:      layout_loops_cross, gammafunk_ghost_split,
          hangedman_decor_clover_reticule, kennysheep_flooded_box, uniq_terence

Skill      XL: |  1  2  3  4 |
---------------+-------------+-----
Maces & Flails | 2 3 |  3.2
Armour         | 3 |  3.0
Stealth        | 1 |  1.0
Unarmed Combat | 1 2 |  2.1
Fighting       | |  3.0
Shields        | |  2.6

Action                   |  1- 3 |  4- 6 || total
-------------------------+-------+-------++-------
Melee: Flail             |    94 |    20 ||   114
       Touch             |    14 |     3 ||    17
       Punch             |     1 |       ||     1
  Use: Scroll            |     7 |       ||     7
       Potion            |       |     3 ||     3
Armor: Scale mail        |    29 |       ||    29
       Chain mail        |    35 |     9 ||    44
Dodge: Dodged            |    29 |     7 ||    36
Block: Buckler           |     1 |       ||     1

Table legend: (Time is in decaauts)
 A = Elapsed time spent in this place.
 B = Non-inter-level travel time spent in this place.
 C = Inter-level travel time spent in this place.
 D = Time resting spent in this place.
 E = Time spent auto-exploring this place.
 F = Levels seen in this place.
 G = Mean time per level.
                   A        B        C        D        E       F      G
               +--------+--------+--------+--------+--------+-----+--------+
         Total |   2516 |   2501 |     15 |    204 |   1822 |   3 |  838.7 |
       Dungeon |   2516 |   2501 |     15 |    204 |   1822 |   3 |  838.7 |
               +--------+--------+--------+--------+--------+-----+--------+

Top non-repeatable levels by time:
     D:1: 968 daAuts
     D:3: 908 daAuts
     D:2: 639 daAuts
